 Dungeon Crawl Stone Soup version 0.24.0-13-gcf9b3192b9 (webtiles) character file.

Game seed: 15364047134039213347, levelgen mode: deterministic

14 Mesmaeker13 the Magician (level 2, 0/20 HPs)
             Began as a Draconian Wizard on Nov 7, 2019.
             Slain by Natasha (3 damage)
             ... on level 1 of the Dungeon.
             The game lasted 00:01:01 (1157 turns).

Mesmaeker13 the Magician (Draconian Wizard)         Turns: 1157, Time: 00:01:02

Health: 0/20       AC:  4    Str:  9    XL:     2   Next: 31%
Magic:  0/6        EV: 12    Int: 18    God:
Gold:   70         SH:  0    Dex:  9    Spells: 4/7 levels left

rFire    . . .     SeeInvis .   g - +0 dagger
rCold    . . .     Gourm    .   (no shield)
rNeg     . . .     Faith    .   (armour unavailable)
rPois    .         Spirit   .   a - +0 hat
rElec    .         Reflect  .   (no cloak)
rCorr    .         Harm     .   (no gloves)
MR       .....                  (no boots)
Stlth    ++........             (no amulet)
HPRegen  0.06/turn              (no ring)
MPRegen  0.10/turn              (no ring)

@: no status effects
A: unfitting armour, cold-blooded, AC +4
a: no special abilities


You were on level 1 of the Dungeon.
You were hungry.

You visited 1 branch of the dungeon, and saw 2 of its levels.

You collected 70 gold pieces.

Inventory:

Hand Weapons
 g - a +0 dagger (weapon)
Missiles
 j - 6 silver javelins (quivered)
Armour
 a - a +0 hat (worn)
 l - a +0 shield
Scrolls
 b - a scroll of magic mapping {unknown}
 h - a scroll of enchant armour {unknown}
 i - a scroll of random uselessness {unknown}
 k - a scroll of remove curse {unknown}
Potions
 e - a potion of invisibility {unknown}
 f - a potion of magic {unknown}
 m - 2 potions of resistance {unknown}
Comestibles
 c - 2 rations


   Skills:
 + Level 2.1 Dodging
 - Level 1.7 Stealth
 + Level 3.2 Spellcasting
 + Level 1.6 Conjurations
 - Level 1.0 Summonings
   Level 1.0 Translocations


You had 4 spell levels left.
You knew the following spells:

 Your Spells              Type           Power        Failure   Level  Hunger
a - Magic Dart            Conj           #...         9%          1    None
b - Call Imp              Summ           #.......     16%         2    ##.....

Your spell library contained the following spells:

 Spells                   Type           Power        Failure   Level  Hunger
 Blink                    Tloc           N/A          16%         2    ##.....
 Slow                     Hex            #.......     24%         2    ##.....
 Conjure Flame            Conj/Fire      #.......     34%         3    ###....
 Mephitic Cloud           Conj/Pois/Air  #.......     36%         3    ###....


Dungeon Overview and Level Annotations

Branches:
Dungeon (2/15)

Altars:

Annotations:
D:1 Natasha


Innate Abilities, Weirdness & Mutations

Your plain brown scales are hard. (AC +4)
You cannot fit into any form of body armour.
You are cold-blooded and may be slowed by cold attacks.


Message History

Natasha closely misses you.
You hit Natasha.
Natasha is heavily wounded.
Natasha barely misses you.
You miss Natasha.
Natasha is heavily wounded.
Natasha closely misses you.
Unknown command.
You hit Natasha but do no damage.
Natasha is heavily wounded.
Natasha barely misses you.
Casting: Magic Dart (safe; 9% risk of failure)
Confirm with . or Enter, or press ? or * to list all spells.
Aiming: Magic Dart (safe; 9% risk of failure)
Press: ? - help, Shift-Dir - straight line, f/p - Natasha
Aim: Natasha (heavily wounded)
The magic dart hits Natasha.
Natasha is severely wounded.
Natasha claws you.
You die...

#.#...........
########.###.........
#..........###.......
#######+########.# ###.....
#................###.......
#.......(..#######.........
#..........# ###.......≈≈≈.
#######.##.# #.'..)..≈≈≈≈≈≈
######### #.##@###.#....≈≈≈≈≈≈≈
........# #.#>h....############
........#####.#........(.........
........'.....#..................
........#######.######.#######.##
................# #..# #.#
........###############.## #.#
........##..........###..#####.#
........##..........##......##.#


You could see Natasha.

Vanquished Creatures
  A dart slug (D:1)
  2 bats (D:1)
  2 giant cockroaches (D:1)
  3 goblins (D:1)
  A hobgoblin (D:1)
  A rat (D:1)
10 creatures vanquished.

Notes
Turn   | Place    | Note
-------+----------+-------------------------------------------
     0 | D:1      | Mesmaeker13 the Draconian Wizard began the quest for the
                  | Orb.
     0 | D:1      | Reached XP level 1. HP: 14/14 MP: 4/4
   359 | D:1      | Reached XP level 2. HP: 10/20 MP: 3/6
  1115 | D:1      | Learned a level 2 spell: Call Imp
  1132 | D:2      | Noticed Natasha
  1157 | D:1      | Slain by Natasha

Levels and vault maps discovered:
D:1:      nzn_arrival_depleted_hourglass, layout_basic, bh_walls_and_bars
D:2:      layout_loops_corners, chequers_ecumenical_altar_simple_redux,
          uniq_natasha

Skill      XL: |  1 |
---------------+----+-----
Dodging        | 2 |  2.1
Stealth        | |  1.7
Spellcasting   | |  3.2
Conjurations   | |  1.6
Summonings     | |  1.0
Translocations | |  1.0

Action                   || total
-------------------------++-------
Melee: Dagger            ||    29
       Tailslap          ||     2
 Cast: Magic Dart        ||    29
Armor: Skin              ||    18
Dodge: Dodged            ||    21
